Map: Dusk Towers

Players

Tex

  • Race: Zerg Zerg
  • League: Diamond

LilDicky - Winner!

  • Race: Terran Terran
  • League: Diamond

VOD

http://www.twitch.tv/tumescentpie

Description

Time

  • Played on: Nov. 23, 2015, 12:17 a.m.
  • Length: 21:27
Show
View Real Time Build Order
Export as new Build Order

Tex Zerg 

Build Orders: Hatch First, Muta Ling Bane 

Get SALT Encoding   

  12  0:03  Drone  
  13  0:08  Drone  
  14  0:17  Overlord  
  14  0:24  Drone, Extractor  
  15  0:35  Drone  
  15  0:40  Drone  
  17  0:53  Hatchery  
  17  0:56  Drone  
  17  1:03  Drone  
  18  1:04  Extractor  
  17  1:15  Spawning Pool  
  17  1:17  Drone  
  17  1:37  Drone  
  17  1:38  Drone  
  19  1:40  Drone  
  20  1:51  Overlord  
  20  2:02  Queen  
  20  2:04  Metabolic Boost  
  20  2:06  Drone  
  20  2:07  Zergling x2  
  24  2:15  Queen  
  26  2:19  Zergling x2  
  26  2:21  Drone  
  28  2:27  Drone x2  
  30  2:34  Overlord  
  30  2:37  Drone  
  31  2:45  Drone  
  31  2:48  Drone  
  33  2:57  Drone  
  34  3:03  Drone  
  35  3:06  Drone  
  37  3:12  Drone  
  37  3:13  Drone, Overlord  
  37  3:14  Drone  
  39  3:21  Drone x2  
  39  3:25  Overlord  
  41  3:27  Overlord  
  41  3:29  Lair, Drone  
  41  3:30  Baneling Nest  
  41  3:32  Drone  
  41  3:33  Drone, Extractor  
  42  3:34  Extractor  
  41  3:41  Drone  
  41  3:42  Drone x2  
  41  3:47  Drone  
  45  3:53  Drone  
  45  3:54  Drone  
  46  4:03  Drone x3  
  46  4:05  Drone  
  50  4:10  Overlord  
  50  4:17  Overlord  
  50  4:18  Queen  
  50  4:19  Zergling x2  
  53  4:28  Zergling x2  
  54  4:36  Zergling x4  
  54  4:38  Hatchery  
  55  4:40  Spire  
  55  4:43  Drone  
  55  4:44  Drone x2  
  58  4:46  Spire  
  58  4:47  Drone  
  58  4:48  Drone  
  58  4:51  Drone  
  60  4:53  Drone x2  
  60  4:54  Roach Warren, Spore Crawler  
  60  4:56  Spore Crawler  
  60  4:59  Drone x2, Overlord  
  61  5:02  Zergling x2  
  61  5:06  Centrifical Hooks  
  62  5:10  Extractor  
  61  5:14  Zergling x2  
  61  5:15  Zergling x2  
  61  5:20  Spore Crawler, Zergling x2  
  61  5:21  Spore Crawler  
  62  5:23  Drone  
  62  5:24  Spore Crawler x2  
  62  5:25  Drone  
  62  5:31  Drone  
  62  5:32  Drone x3  
  66  5:37  Roach x2  
  66  5:38  Roach  
  66  5:42  Zergling x2  
  73  5:49  Zergling x2  
  74  5:56  Drone  
  75  6:02  Drone  
  76  6:05  Drone  
  76  6:06  Drone  
  76  6:07  Drone x2  
  76  6:09  Drone x4  
  84  6:12  Drone x2  
  86  6:19  Corruptor x2  
  86  6:21  Corruptor  
  86  6:24  Extractor  
  90  6:26  Roach  
  90  6:28  Corruptor  
  94  6:35  Roach  
  96  6:42  Overlord  
  96  6:43  Overlord  
  95  6:48  Corruptor  
  95  6:50  Overlord x2  
  91  7:02  Corruptor, Roach  
  91  7:03  Corruptor x6  
  98  7:10  Corruptor  
  98  7:12  Queen  
  102  7:16  Queen  
  102  7:21  Zergling x2  
  105  7:23  Drone  
  105  7:26  Drone  
  105  7:27  Drone x4  
  111  7:34  Drone, Extractor  
  111  7:42  Drone  
  109  7:50  Corruptor  
  110  7:52  Zergling x4  
  110  7:53  Zergling x10  
  113  8:03  Corruptor x3  
  118  8:06  Zergling x2  
  118  8:10  Zergling x2  
  120  8:15  Zergling x2  
  120  8:18  Corruptor, Zergling x2  
  124  8:25  Zergling x2  
  124  8:26  Evolution Chamber  
  124  8:28  Zergling x2  
  124  8:29  Evolution Chamber, Corruptor  
  124  8:30  Baneling  
  124  8:31  Baneling x13  
  124  8:33  Zergling x2  
  127  8:38  Zergling x4  
  127  8:39  Zergling x2  
  130  8:43  Infestation Pit  
  130  8:44  Drone  
  130  8:48  Baneling  
  130  8:49  Baneling x5  
  130  8:50  Hatchery, Overlord x2  
  130  8:51  Overlord x2  
  130  8:52  Drone  
  130  9:02  Overlord x2, Zerg Flyer Armor Level 1  
  130  9:03  Overlord  
  94  9:27  Corruptor  
  94  9:28  Corruptor x5  
  94  9:29  Mutalisk  
  104  9:33  Drone  
  104  9:34  Drone x7  
  111  9:44  Corruptor x2  
  115  9:52  Corruptor  
  117  9:59  Corruptor  
  119  10:00  Corruptor  
  121  10:08  Zergling x10  
  126  10:16  Corruptor x2  
  126  10:20  Drone  
  131  10:22  Hive  
  129  10:33  Corruptor  
  129  10:34  Corruptor  
  116  10:36  Drone  
  116  10:37  Drone x9  
  116  10:40  Overseer  
  116  10:41  Overseer  
  118  11:14  Corruptor  
  118  11:15  Corruptor x4  
  127  11:18  Corruptor  
  127  11:22  Drone  
  127  11:23  Drone x6  
  127  11:25  Drone  
  134  11:28  Zergling x2  
  134  11:29  Extractor x2  
  132  11:39  Overlord x4  
  132  11:40  Ultralisk Cavern  
  132  11:42  Drone  
  132  11:43  Drone x2  
  134  11:52  Viper  
  134  11:53  Viper  
  140  11:58  Queen  
  142  12:05  Viper  
  142  12:08  Hatchery  
  144  12:14  Drone  
  144  12:15  Drone x5  
  150  12:16  Drone x7  
  157  12:26  Zerg Ground Armor Level 1  
  157  12:27  Chitinous Plating  
  157  12:53  Ultralisk x3  
  175  13:05  Ultralisk  
  141  13:40  Ultralisk x2  
  151  13:43  Spire  
  151  13:46  Ultralisk  
  156  14:01  Ultralisk  
  161  14:11  Ultralisk Cavern  
  160  14:21  Extractor  
  160  14:22  Extractor  
  158  14:34  Extractor  
  157  14:40  Viper x2  
  151  15:06  Corruptor x4  
  147  15:08  Corruptor  
  141  15:22  Corruptor  
  141  15:23  Corruptor  
  145  15:29  Corruptor  
  145  15:30  Hatchery  
  145  15:32  Corruptor  
  142  15:37  Corruptor  
  144  15:43  Corruptor  
  146  15:57  Spawning Pool  
  145  16:04  Corruptor x2  
  145  16:05  Corruptor x2  
  153  16:12  Corruptor  
  155  16:20  Corruptor  
  155  16:21  Corruptor  
  159  16:39  Ultralisk  
  165  16:50  Corruptor  
  165  16:51  Corruptor x2  
  159  17:15  Corruptor x3  
  165  17:31  Ultralisk  
  165  17:32  Zergling x2  
  165  17:33  Zergling x20  
  182  17:38  Zergling x2  
  182  17:40  Hatchery  
  182  17:47  Viper x2  
  174  18:05  Drone  
  174  18:06  Drone x8  
  174  18:08  Drone  
  178  18:18  Queen  
  182  18:21  Ultralisk x2  
  187  18:43  Drone x10  
  146  19:30  Ultralisk  
  146  19:31  Ultralisk x4  
  169  19:40  Drone x4  
  113  20:09  Ultralisk x2  
  113  20:10  Zergling x6  
  113  20:11  Zergling x8  
  110  20:31  Mutalisk  
  110  20:32  Mutalisk  
  112  20:39  Drone, Corruptor  
  112  20:41  Drone  
  112  20:42  Drone x4  
  120  20:47  Drone  
  120  20:48  Drone x3  
  118  21:03  Hatchery  
  100  21:14  Drone  
  100  21:15  Drone x2  
Show
View Real Time Build Order
Export as new Build Order

LilDicky Terran - Winner!

Build Orders: Liberator Opening 

Get SALT Encoding   

  12  0:01  SCV  
  13  0:13  SCV  
  14  0:18  Supply Depot  
  14  0:26  SCV  
  15  0:40  SCV  
  16  0:43  Barracks  
  16  0:52  SCV  
  17  1:04  SCV  
  18  1:17  SCV  
  19  1:32  Marine  
  21  1:34  Supply Depot  
  21  1:36  Command Center, Orbital Command  
  20  1:47  Refinery  
  20  1:49  Refinery  
  20  1:52  Marine  
  21  2:02  SCV  
  22  2:15  SCV, Marine  
  24  2:30  SCV  
  24  2:32  Command Center  
  25  2:39  Factory  
  25  2:43  SCV  
  26  2:47  Marine  
  27  2:55  Orbital Command  
  27  2:59  SCV  
  27  3:05  Marine  
  29  3:11  SCV  
  30  3:22  Starport  
  30  3:26  Factory Reactor  
  30  3:29  SCV, Marine  
  30  3:30  SCV  
  33  3:42  SCV  
  33  3:47  Orbital Command  
  34  3:53  Liberator x2  
  34  3:54  SCV, Marine  
  36  4:00  SCV  
  37  4:11  SCV  
  37  4:12  SCV, Marine  
  37  4:14  SCV, Factory Reactor  
  47  4:21  Refinery  
  47  4:22  Refinery  
  47  4:23  SCV  
  48  4:24  SCV  
  48  4:26  SCV  
  50  4:35  SCV, Liberator  
  50  4:45  SCV, Marine  
  51  4:51  Bunker  
  52  4:54  SCV x2  
  52  4:57  Hellion x2  
  61  5:08  Supply Depot  
  61  5:10  Command Center, SCV, Orbital Command  
  61  5:12  Liberator  
  61  5:18  Liberator  
  61  5:29  Bunker  
  61  5:32  SCV x2  
  66  5:42  SCV, Hellion x2  
  74  5:44  SCV  
  74  5:45  SCV  
  76  5:54  SCV  
  77  5:57  Supply Depot  
  77  6:02  Liberator  
  77  6:05  Supply Depot  
  77  6:11  Refinery  
  77  6:12  Refinery  
  77  6:19  SCV x3, Marine  
  84  6:29  Orbital Command  
  84  6:31  SCV  
  84  6:32  Command Center, Hellion  
  89  6:33  Hellion  
  89  6:36  Starport  
  89  6:37  SCV x2, Starport  
  89  6:38  Supply Depot  
  89  6:39  Starport  
  91  6:42  Marine  
  91  6:43  Supply Depot  
  84  6:54  Liberator x2  
  70  7:14  Marine  
  74  7:16  Starport Reactor, Starport Tech Lab  
  74  7:17  Liberator, Starport Tech Lab  
  74  7:19  SCV  
  74  7:22  Hellion x2  
  76  7:24  Engineering Bay  
  76  7:27  Supply Depot  
  77  7:30  SCV x2  
  77  7:32  Supply Depot  
  81  7:37  Liberator  
  81  7:48  Banshee  
  81  7:49  Cloaking Field  
  81  7:51  Orbital Command  
  84  8:02  Liberator  
  84  8:03  Liberator  
  84  8:10  Missile Turret x2  
  84  8:13  Missile Turret x2  
  84  8:14  Hi-Sec Auto Tracking, Missile Turret  
  84  8:16  Missile Turret  
  84  8:20  Banshee, Missile Turret x2  
  84  8:21  Corvid Reactor  
  84  8:23  SCV  
  84  8:24  Liberator x2  
  84  8:25  Missile Turret  
  84  8:26  Armory  
  94  8:27  SCV x2  
  96  8:34  SCV  
  96  8:39  Missile Turret  
  96  8:41  Missile Turret  
  103  8:45  Liberator  
  103  8:46  Supply Depot  
  103  8:49  SCV x2  
  103  8:55  Banshee  
  108  8:56  SCV x2  
  108  9:02  Command Center, Missile Turret  
  110  9:05  Banshee  
  110  9:06  Missile Turret  
  91  9:31  SCV x2  
  91  9:32  SCV x2  
  91  9:33  SCV  
  91  9:34  Liberator x2  
  91  9:35  Liberator  
  91  9:38  Banshee  
  98  9:43  SCV  
  99  9:47  Supply Depot, Banshee  
  99  9:48  Supply Depot, Missile Turret  
  99  9:50  Supply Depot  
  108  9:53  Liberator  
  108  9:55  SCV x2  
  108  9:57  Supply Depot  
  113  10:06  Hellion x2  
  117  10:12  SCV  
  121  10:19  Missile Turret x2  
  121  10:20  Banshee  
  124  10:24  Command Center  
  124  10:27  Liberator x2  
  100  10:46  Viking x2  
  110  10:53  Viking  
  109  11:03  Banshee  
  103  11:14  Refinery  
  103  11:15  Hellion x2  
  103  11:16  SCV x2  
  109  11:21  Planetary Fortress  
  109  11:22  Refinery  
  109  11:25  Liberator x2  
  109  11:28  SCV x2  
  110  11:37  SCV x2  
  112  11:40  SCV x2  
  112  11:42  Banshee  
  112  11:44  Hellion x2  
  112  11:45  Terran Vehicle Weapons Level 1  
  112  11:46  Banshee  
  130  11:47  Missile Turret  
  130  11:50  Armory  
  130  12:07  Missile Turret  
  130  12:08  Missile Turret  
  130  12:09  Missile Turret x2  
  130  12:13  SCV x2  
  132  12:22  Liberator x4  
  132  12:23  Missile Turret  
  132  12:33  Planetary Fortress  
  132  12:34  Supply Depot  
  132  12:37  Banshee x2  
  132  12:38  Missile Turret  
  132  12:39  Missile Turret  
  132  12:41  Hellion x2  
  154  12:46  Factory  
  154  12:48  Factory  
  154  12:58  Terran Vehicle And Ship Armor Level 1  
  154  13:01  Missile Turret  
  154  13:04  Command Center  
  148  13:19  Liberator x3  
  131  13:20  Banshee  
  119  13:30  Liberator  
  116  13:35  Banshee  
  117  13:56  Missile Turret  
  117  13:57  Missile Turret  
  117  13:59  Factory Tech Lab x2  
  117  14:00  Factory Reactor x2  
  117  14:01  Liberator  
  117  14:03  Banshee, Hellion x2  
  115  14:22  Missile Turret  
  115  14:24  Planetary Fortress  
  118  14:25  Hellion  
  118  14:28  Hellion  
  118  14:30  Terran Ship Weapons Level 1  
  122  14:33  Missile Turret  
  122  14:34  Armory  
  122  14:36  Fusion Core  
  122  14:45  Missile Turret  
  122  14:46  Banshee, Hellion  
  122  14:52  Refinery  
  112  15:06  Refinery  
  91  15:21  Banshee  
  94  15:29  Banshee  
  95  15:36  Viking x4  
  95  15:41  Command Center  
  103  15:52  Hellion x4  
  103  15:53  Hellion x2  
  115  16:04  Banshee  
  115  16:08  Terran Vehicle Weapons Level 2  
  115  16:09  Command Center, Terran Vehicle And Ship Armor Level 2  
  118  16:13  Hellion x2  
  118  16:14  Hellion  
  118  16:15  Liberator x3  
  118  16:16  Factory  
  124  16:31  Banshee  
  136  16:33  Viking  
  136  16:36  Hellion x6  
  150  16:45  Behemoth Reactor  
  150  16:46  Advanced Ballistics  
  150  16:47  Banshee, Hyperflight Rotors  
  153  16:55  Planetary Fortress  
  153  16:57  Hellion x2  
  153  16:58  Missile Turret  
  157  17:02  Missile Turret  
  157  17:03  Missile Turret  
  157  17:05  Missile Turret  
  156  17:09  Missile Turret x2  
  156  17:15  Command Center  
  156  17:17  Liberator x2  
  156  17:20  Planetary Fortress  
  156  17:23  Missile Turret  
  156  17:32  Banshee x2  
  156  17:33  Missile Turret  
  156  17:34  Missile Turret  
  168  17:38  Hellion x6  
  180  17:44  Missile Turret  
  180  17:45  Refinery  
  180  17:50  Missile Turret x3  
  180  17:53  Missile Turret  
  180  17:56  Missile Turret x2  
  180  17:57  Missile Turret  
  180  17:58  Liberator x2  
  180  17:59  Hellion  
  174  18:08  Factory Tech Lab, Hellion x3  
  174  18:09  Hellion  
  174  18:13  Hellion  
  174  18:15  Banshee x2  
  188  18:20  Hellion  
  176  18:53  Hellion x3  
  176  18:54  Hellion x2  
  186  18:57  Banshee x2, Infernal Pre-Igniter  
  158  19:25  Viking x2  
  158  19:26  Viking  
  150  19:40  Hellion, Widow Mine x3  
  150  19:41  Battlecruiser, Hellion x2  
  168  19:47  Supply Depot  
  168  19:48  Supply Depot  
  168  19:51  Refinery  
  169  20:00  Liberator x3  
  110  20:16  Battlecruiser  
  125  20:27  Missile Turret x2  
  125  20:30  Planetary Fortress  
  125  20:35  Missile Turret  
  125  20:37  Missile Turret x2  
  125  20:41  Missile Turret  
  131  20:43  Hellion x4  
  134  21:13  Command Center  
Tags
 
Add a new tag
Caveats
  • Supply blocks, unpowered buildings, or Contaminate may cause inaccurate times.
  • Supply counts are checked every 10 seconds.